[Event "-chT Youth Countries 2019"]
[Site "Wuerzburg"]
[Date "2019.10.03"]
[Round "3.6"]
[White "Dietz, Kristin"]
[Black "Browning, Rebecca"]
[Result "1-0"]
[ECO "C09"]
[WhiteElo "1948"]
[BlackElo "1932"]
[Annotator "NA"]
[PlyCount "102"]
[EventDate "2019.10.02"]
[EventType "team-tourn"]
[EventRounds "7"]
[EventCountry "GER"]
[SourceTitle "playchess.com"]
[Source "ChessBase"]
[SourceQuality "1"]
[WhiteTeam "Sachsen-Anhalt"]
[BlackTeam "Nordrhein-Westfalen"]
[TimeControl "40/5400+30:1800+30"]

1. e4 e6 2. d4 d5 3. Nd2 c5 4. exd5 exd5 5. Ngf3 Nc6 6. Be2 cxd4 7. O-O Bd6 8. h3 Nge7 9. Nb3 O-O 10. Nbxd4 a6 11. Be3 Bc7 12. c3 Qd6 13. Bd3 Nxd4 14. Bxd4 Nc6 15. Bc2 Nxd4 16. Qxd4 Bb6 17. Qd3 g6 18. Rad1 Rd8 19. Bb3 Bf5 20. Qd2 Bxh3 21. Qh6 Be6 22. Ng5 Qe5 23. Qxh7+ Kf8 24. Nxe6+ Qxe6 25. Rxd5 Qf6 26. Qh6+ Kg8 27. Rh5 Qg7 28. Bxf7+ Kxf7 29. Qf4+ Ke6 30. Re1+ Kd7 31. Rhe5 Rf8 32. Re7+ Qxe7 33. Rxe7+ Kxe7 34. Qb4+ Kf7 35. Qxb6 Rab8 36. c4 Rfd8 37. c5 Kg7 38. Kh2 Rd7 39. c6 Rh8+ 40. Kg3 bxc6 41. Qxc6 Rd3+ 42. f3 Rhd8 43. Qxa6 Rd2 44. Qa5 R8d5 45. Qc7+ Kh8 46. a4 Rg5+ 47. Kf4 Rgxg2 48. b4 g5+ 49. Kf5 g4 50. fxg4 Rdf2+ 51. Kg5 Rd2 {[%emt 0:01:19] normal} 1-0

[Event "-chT Youth Countries 2019"]
[Site "Wuerzburg"]
[Date "2019.10.03"]
[Round "3.6"]
[White "Reuter, Elisa"]
[Black "Yaghi, Rita"]
[Result "0-1"]
[ECO "B92"]
[WhiteElo "1873"]
[BlackElo "1973"]
[Annotator "NA"]
[PlyCount "58"]
[EventDate "2019.10.02"]
[EventType "team-tourn"]
[EventRounds "7"]
[EventCountry "GER"]
[SourceTitle "playchess.com"]
[Source "ChessBase"]
[SourceQuality "1"]
[WhiteTeam "Thüringen"]
[BlackTeam "Hessen"]
[TimeControl "40/5400+30:1800+30"]

1. e4 c5 2. Nf3 d6 3. d4 cxd4 4. Nxd4 Nf6 5. Nc3 a6 6. Be2 e5 7. Nb3 Be7 8. O-O O-O 9. Kh1 Nc6 10. f4 b5 11. a3 Bb7 12. f5 Rc8 13. Bf3 h6 14. Qe1 Nd4 15. Bd1 d5 16. exd5 Nxd5 17. Nxd4 Nxc3 18. bxc3 exd4 19. cxd4 Qxd4 20. Rb1 Bh4 21. Qb4 Rc4 22. Qb2 Qd6 23. Be2 Bf6 24. Qb3 Rh4 25. h3 Rc8 26. Bb2 Rc3 27. Bxc3 Rxh3+ 28. Kg1 Qh2+ 29. Kf2 Bh4# {[%emt 0:00:04] normal} 0-1

[Event "-chT Youth Countries 2019"]
[Site "Wuerzburg"]
[Date "2019.10.03"]
[Round "3.6"]
[White "Rempe, Jonas"]
[Black "Peglau, Charis"]
[Result "1/2-1/2"]
[ECO "B79"]
[WhiteElo "1816"]
[BlackElo "1827"]
[Annotator "NA"]
[PlyCount "84"]
[EventDate "2019.10.02"]
[EventType "team-tourn"]
[EventRounds "7"]
[EventCountry "GER"]
[SourceTitle "playchess.com"]
[Source "ChessBase"]
[SourceQuality "1"]
[WhiteTeam "Schleswig-Holstein"]
[BlackTeam "Sachsen"]
[TimeControl "40/5400+30:1800+30"]

1. e4 c5 2. Nf3 Nc6 3. d4 cxd4 4. Nxd4 g6 5. Nc3 Bg7 6. Be3 Nf6 7. Bc4 O-O 8. Bb3 d6 9. f3 Bd7 10. Qd2 Qa5 11. O-O-O Rfc8 12. h4 Ne5 13. Kb1 Nc4 14. Bxc4 Rxc4 15. Nb3 Qc7 16. h5 Nxh5 17. Nd5 Qd8 18. g4 Nf6 19. Nxf6+ Bxf6 20. Qh2 Be6 21. Nc5 Rxc5 22. Bxc5 Qa5 23. Qxh7+ Kf8 24. Ba3 Rc8 25. Qh6+ Ke8 26. Qd2 Bc3 27. Qd3 Rc6 28. f4 Bxg4 29. Rdg1 Be6 30. Rg3 b5 31. bxc3 Qxa3 32. c4 Qxd3 33. cxd3 bxc4 34. d4 d5 35. exd5 Bxd5 36. Rh8+ Kd7 37. Ra3 a6 38. Kc2 Rf6 39. Ra5 Bc6 40. Rh4 Be4+ 41. Kc3 Bd3 42. Rh8 Rxf4 {[%emt 0:03:34] normal} 1/2-1/2

[Event "-chT Youth Countries 2019"]
[Site "Wuerzburg"]
[Date "2019.10.03"]
[Round "3.6"]
[White "Ermitsch, Magnus"]
[Black "Brunner, Sophia"]
[Result "1/2-1/2"]
[ECO "C12"]
[WhiteElo "1671"]
[BlackElo "1935"]
[Annotator "NA"]
[PlyCount "62"]
[EventDate "2019.10.02"]
[EventType "team-tourn"]
[EventRounds "7"]
[EventCountry "GER"]
[SourceTitle "playchess.com"]
[Source "ChessBase"]
[SourceQuality "1"]
[WhiteTeam "Berlin"]
[BlackTeam "Niedersachsen"]
[TimeControl "40/5400+30:1800+30"]

1. e4 e6 2. d4 d5 3. Nc3 Nf6 4. Bg5 Bb4 5. e5 h6 6. exf6 hxg5 7. fxg7 Rg8 8. h4 gxh4 9. a3 Bxc3+ 10. bxc3 Qf6 11. Nf3 Qxg7 12. Rxh4 c5 13. Ne5 c4 14. Rf4 f6 15. Qh5+ Kd8 16. Rg4 Qf8 17. Qf7 Rh8 18. Rg7 Na6 19. Ng6 Qxf7 20. Rxf7 Rg8 21. Rxf6 Bd7 22. Ne5 Nc7 23. Kd2 Be8 24. g3 Ke7 25. Rh6 Bf7 26. Rh7 Raf8 27. Rb1 b6 28. a4 Ne8 29. a5 Nf6 30. Rxf7+ Rxf7 31. Nxf7 Ne4+ {[%emt 0:01:37] normal} 1/2-1/2

[Event "-chT Youth Countries 2019"]
[Site "Wuerzburg"]
[Date "2019.10.03"]
[Round "3.6"]
[White "Schwartz, Oliver"]
[Black "Grining, Maria"]
[Result "1-0"]
[ECO "B12"]
[WhiteElo "1650"]
[BlackElo "1801"]
[Annotator "NA"]
[PlyCount "75"]
[EventDate "2019.10.02"]
[EventType "team-tourn"]
[EventRounds "7"]
[EventCountry "GER"]
[SourceTitle "playchess.com"]
[Source "ChessBase"]
[SourceQuality "1"]
[WhiteTeam "Württemberg"]
[BlackTeam "Baden 2"]
[TimeControl "40/5400+30:1800+30"]

1. e4 c6 2. d4 d5 3. e5 Bf5 4. h4 h5 5. Bd3 Bxd3 6. Qxd3 e6 7. Bg5 Qb6 8. Nd2 c5 9. c3 Nc6 10. Ne2 Nh6 11. O-O Nf5 12. Nf3 Be7 13. Rfd1 Bxg5 14. hxg5 c4 15. Qc2 h4 16. Nf4 Nce7 17. Rdb1 h3 18. g3 Qc7 19. Kh2 Ng6 20. Nxg6 fxg6 21. Ng1 Qe7 22. Qd2 O-O-O 23. f4 Qf7 24. b4 Rd7 25. a4 b6 26. b5 Rb7 27. a5 Qd7 28. Ra3 Kd8 29. Qa2 Ke7 30. axb6 axb6 31. Ra6 Ne3 32. Qe2 Nf5 33. Nf3 Qc7 34. Qf2 Ra7 35. g4 Nh4 36. Nxh4 Rxa6 37. bxa6 Qa7 38. Nxg6+ {[%emt 0:00:07] normal} 1-0

[Event "-chT Youth Countries 2019"]
[Site "Wuerzburg"]
[Date "2019.10.03"]
[Round "3.6"]
[White "Gressler, Christian"]
[Black "Metzdorf, Matteo"]
[Result "0-1"]
[ECO "B40"]
[WhiteElo "1464"]
[BlackElo "1862"]
[Annotator "NA"]
[PlyCount "64"]
[EventDate "2019.10.02"]
[EventType "team-tourn"]
[EventRounds "7"]
[EventCountry "GER"]
[SourceTitle "playchess.com"]
[Source "ChessBase"]
[SourceQuality "1"]
[WhiteTeam "Mecklenburg-Vorpommern"]
[BlackTeam "Rheinland-Pfalz"]
[TimeControl "40/5400+30:1800+30"]

1. e4 c5 2. Nf3 e6 3. d3 Nc6 4. g3 g6 5. Bg2 Bg7 6. c3 Nge7 7. O-O e5 8. Re1 d6 9. Nbd2 O-O 10. Nf1 h6 11. Bd2 Be6 12. h4 f5 13. Qc1 Kh7 14. h5 Qd7 15. hxg6+ Nxg6 16. exf5 Bxf5 17. Qc2 c4 18. Ne3 Bxd3 19. Qc1 Qf7 20. Nd1 d5 21. Nh2 e4 22. b3 Nce5 23. Re3 h5 24. f4 exf3 25. Nxf3 Qd7 26. Ng5+ Kh8 27. Bh3 Ng4 28. Nf2 d4 29. Re1 Qf5 30. Nxd3 Qxd3 31. Bf1 Qxg3+ 32. Bg2 Qh2# {normal} 0-1

[Event "-chT Youth Countries 2019"]
[Site "Wuerzburg"]
[Date "2019.10.03"]
[Round "3.7"]
[White "Kempe, Caius Emilian"]
[Black "Mundt, Alexandra"]
[Result "0-1"]
[ECO "A50"]
[WhiteElo "1835"]
[BlackElo "1760"]
[Annotator "NA"]
[PlyCount "111"]
[EventDate "2019.10.02"]
[EventType "team-tourn"]
[EventRounds "7"]
[EventCountry "GER"]
[SourceTitle "playchess.com"]
[Source "ChessBase"]
[SourceQuality "1"]
[WhiteTeam "Sachsen"]
[BlackTeam "Schleswig-Holstein"]
[TimeControl "40/5400+30:1800+30"]

1. d4 Nf6 2. c4 d5 3. cxd5 Nxd5 4. e4 Nb6 5. f3 g6 6. Nc3 Bg7 7. Be3 O-O 8. Qd2 Nc6 9. O-O-O Na5 10. Bf2 a6 11. g4 e5 12. d5 Nac4 13. Bxc4 Nxc4 14. Qd3 b5 15. h4 Qd6 16. Na4 Qb4 17. b3 Qa3+ 18. Kb1 bxa4 19. Qxc4 axb3 20. Qxb3 Qd6 21. Qc3 Qd7 22. Bc5 Rd8 23. Rh2 a5 24. Rc2 Ba6 25. Ba3 Rdc8 26. Qc6 Qd8 27. g5 h6 28. gxh6 Bxh6 29. h5 Rab8+ 30. Rb2 Rb6 31. Qc3 gxh5 32. Rxb6 cxb6 33. Qxe5 Bg7 34. Qe7 Bf6 35. Qxd8+ Bxd8 36. Bd6 Rc3 37. Be5 Rc8 38. Bh2 Kf8 39. e5 Ke7 40. f4 Bb5 41. Bg3 Ke8 42. f5 Rc3 43. Be1 Re3 44. e6 Bd3+ 45. Kb2 Bxf5 46. Bf2 Re4 47. exf7+ Kxf7 48. a3 h4 49. Bd4 h3 50. Nf3 Bg4 51. Rf1 Ke8 52. Kc3 Bc7 53. Ng5 Re2 54. Nxh3 Bxh3 55. Rb1 Bf5 56. Rxb6 {[%emt 0:10:40] normal} 0-1

[Event "-chT Youth Countries 2019"]
[Site "Wuerzburg"]
[Date "2019.10.03"]
[Round "3.7"]
[White "Yue, Qizhou"]
[Black "Wucherer, Sophie"]
[Result "1-0"]
[ECO "C10"]
[WhiteElo "1810"]
[BlackElo "1531"]
[Annotator "NA"]
[PlyCount "59"]
[EventDate "2019.10.02"]
[EventType "team-tourn"]
[EventRounds "7"]
[EventCountry "GER"]
[SourceTitle "playchess.com"]
[Source "ChessBase"]
[SourceQuality "1"]
[WhiteTeam "Rheinland-Pfalz"]
[BlackTeam "Mecklenburg-Vorpommern"]
[TimeControl "40/5400+30:1800+30"]

1. e4 e6 2. d4 d5 3. Nd2 dxe4 4. Nxe4 Bd7 5. Nf3 Bc6 6. Nc3 Bxf3 7. Qxf3 c6 8. Be3 Nf6 9. Bd3 Nbd7 10. O-O Bd6 11. Rad1 Qc7 12. h3 O-O 13. Qe2 Rfe8 14. Ne4 Nxe4 15. Bxe4 Nf6 16. Bd3 Rad8 17. Bg5 Be7 18. c3 Nd5 19. Bxe7 Rxe7 20. Qe4 Nf6 21. Qh4 e5 22. Rfe1 Rde8 23. Re3 exd4 24. Rxe7 Qxe7 25. Qxd4 b6 26. Bc4 h6 27. Qd6 Qb7 28. Bb3 c5 29. Qd3 g6 30. Qxg6+ {[%emt 0:00:16] normal} 1-0

[Event "-chT Youth Countries 2019"]
[Site "Wuerzburg"]
[Date "2019.10.03"]
[Round "3.7"]
[White "Buchholz, Maja"]
[Black "Bock, Marlon"]
[Result "0-1"]
[ECO "A13"]
[WhiteElo "1671"]
[BlackElo "1671"]
[Annotator "NA"]
[PlyCount "102"]
[EventDate "2019.10.02"]
[EventType "team-tourn"]
[EventRounds "7"]
[EventCountry "GER"]
[SourceTitle "playchess.com"]
[Source "ChessBase"]
[SourceQuality "1"]
[WhiteTeam "Hessen"]
[BlackTeam "Thüringen"]
[TimeControl "40/5400+30:1800+30"]

1. c4 e6 2. g3 d5 3. Bg2 c6 4. Nf3 f5 5. d4 Bd6 6. O-O Nf6 7. Nc3 O-O 8. c5 Bc7 9. b4 Nbd7 10. Ng5 Qe7 11. f4 Ne4 12. Ngxe4 dxe4 13. Qb3 Nf6 14. a4 Nd5 15. Nd1 Bd7 16. Nb2 Rfb8 17. b5 Qe8 18. bxc6 Bxc6 19. Bd2 b6 20. cxb6 Bxb6 21. Qc4 Rc8 22. e3 Rab8 23. Qa2 Bd8 24. Nc4 Be7 25. Ne5 Rc7 26. Rfc1 Bd7 27. Rxc7 Nxc7 28. Bf1 Nd5 29. Bc4 Bc6 30. Nxc6 Qxc6 31. Rc1 Qd7 32. Bb5 Qd8 33. Rc6 Kf7 34. Ra6 Qc7 35. Rc6 Qd8 36. Qc4 h5 37. Kg2 h4 38. a5 hxg3 39. hxg3 Bb4 40. Bc1 Qxa5 41. Ba6 Bd2 42. Kf2 Bxc1 43. Qxc1 Qa2+ 44. Be2 Rb2 45. Qf1 Nb4 46. Rc7+ Kf6 47. g4 Nd3+ 48. Kg3 Rxe2 49. Qg1 Qd2 50. Kh4 Qxe3 51. Kh5 Qh3# {normal} 0-1

[Event "-chT Youth Countries 2019"]
[Site "Wuerzburg"]
[Date "2019.10.03"]
[Round "3.7"]
[White "Bungarten, Jona"]
[Black "Haubold, Sebastian Marcel"]
[Result "1-0"]
[ECO "C50"]
[WhiteElo "1669"]
[BlackElo "1585"]
[Annotator "NA"]
[PlyCount "129"]
[EventDate "2019.10.02"]
[EventType "team-tourn"]
[EventRounds "7"]
[EventCountry "GER"]
[SourceTitle "playchess.com"]
[Source "ChessBase"]
[SourceQuality "1"]
[WhiteTeam "Nordrhein-Westfalen"]
[BlackTeam "Sachsen-Anhalt"]
[TimeControl "40/5400+30:1800+30"]

1. e4 e5 2. Nf3 Nc6 3. Bc4 Bc5 4. O-O Nf6 5. d4 Bxd4 6. Nxd4 Nxd4 7. f4 d6 8. fxe5 dxe5 9. Bg5 Be6 10. Na3 Qe7 11. c3 Bxc4 12. Bxf6 gxf6 13. Nxc4 Nc6 14. b4 Rg8 15. Ne3 Rg6 16. a4 a5 17. Nd5 Qd6 18. Qf3 O-O-O 19. Rad1 Qe6 20. b5 Ne7 21. Ne3 Qb3 22. c4 Qb4 23. Qh3+ f5 24. Nxf5 Nxf5 25. Qxf5+ Re6 26. Rxd8+ Kxd8 27. Qxf7 Qc5+ 28. Kh1 Rg6 29. Qxh7 Re6 30. Qg8+ Re8 31. Qd5+ Qxd5 32. cxd5 Kd7 33. Rf7+ Kd6 34. g4 Rg8 35. h3 c6 36. bxc6 bxc6 37. Rf6+ Kc5 38. Rxc6+ Kd4 39. d6 Kxe4 40. d7 Rd8 41. Rd6 Kf3 42. Kg1 e4 43. Kf1 e3 44. Rd3 Ke4 45. Ke2 Kf4 46. Rd4+ Kg5 47. Kxe3 Kh4 48. Ke4 Kg5 49. Ke5 Kg6 50. Ke6 Kg7 51. Ke7 Rf8 52. d8=Q Rxd8 53. Rxd8 Kg6 54. Ra8 Kg5 55. Rxa5+ Kh4 56. Rh5+ Kg3 57. a5 Kf4 58. a6 Ke4 59. a7 Kf4 60. a8=Q Ke3 61. Qd5 Kf2 62. Qe4 Kg3 63. Qf5 Kg2 64. Qf4 {[%emt 0:00:00] normal} Kh1 65. Qd2 {[%emt 0:00:00] normal} 1-0

[Event "-chT Youth Countries 2019"]
[Site "Wuerzburg"]
[Date "2019.10.03"]
[Round "3.7"]
[White "Sauer, Tim"]
[Black "Schnabel, Luise"]
[Result "1/2-1/2"]
[ECO "A16"]
[WhiteElo "1597"]
[BlackElo "1900"]
[Annotator "NA"]
[PlyCount "298"]
[EventDate "2019.10.02"]
[EventType "team-tourn"]
[EventRounds "7"]
[EventCountry "GER"]
[SourceTitle "playchess.com"]
[Source "ChessBase"]
[SourceQuality "1"]
[WhiteTeam "Niedersachsen"]
[BlackTeam "Berlin"]
[TimeControl "40/5400+30:1800+30"]

1. c4 Nf6 2. Nc3 g6 3. g3 Bg7 4. Bg2 O-O 5. e3 d6 6. Nge2 e5 7. O-O Nc6 8. d3 Nh5 9. Rb1 f5 10. Nd5 Nf6 11. Nec3 Ne7 12. b4 c6 13. Nxe7+ Qxe7 14. b5 Bd7 15. bxc6 Bxc6 16. Nd5 Qd7 17. Ba3 Rab8 18. Qd2 Rfd8 19. Rfc1 Bxd5 20. cxd5 Ne8 21. Rb3 Rdc8 22. Rcb1 b6 23. Rc1 Rxc1+ 24. Qxc1 Rc8 25. Rc3 Rxc3 26. Qxc3 Bf8 27. Qc4 Qc7 28. Kf1 Qxc4 29. dxc4 b5 30. cxb5 Nc7 31. Bb4 Nxb5 32. Ke2 e4 33. f3 exf3+ 34. Bxf3 Nc7 35. Kd3 Kf7 36. Kc4 Ke7 37. Ba5 Kd7 38. Bd1 Bh6 39. Ba4+ Kc8 40. Bb4 Bxe3 41. Bxd6 Bg1 42. h3 Bf2 43. Be5 Na6 44. d6 Nc5 45. Bc6 Nd7 46. Bf4 Nb6+ 47. Kd3 h6 48. Bxh6 Bxg3 49. Bf8 Nd7 50. Bg7 Bxd6 51. Bg2 Kd8 52. Bc3 Ke7 53. Bd4 a6 54. Be3 Ke6 55. Bg5 Bc5 56. Ke2 Ne5 57. Bd2 Nf7 58. Bb7 Nd6 59. Bxa6 Ba3 60. Bf4 Ne4 61. h4 Be7 62. Bc4+ Kd7 63. Bf7 Bxh4 64. Bxg6 Ke6 65. a3 Be7 66. Bc1 Nf6 67. a4 Bb4 68. Kd3 Nd5 69. Kc4 Be1 70. Bh5 Nb6+ 71. Kb5 Nxa4 72. Kxa4 Ke5 73. Bf3 Kd4 74. Kb5 Kd3 75. Bg5 Bd2 76. Bh4 Ke3 77. Bd1 f4 78. Bg5 Kd3 79. Bf3 Ke3 80. Bd1 Kd3 81. Bf3 Ke3 82. Bg4 Ke4 83. Kc4 Be3 84. Bh3 Bf2 85. Bf1 Bg3 86. Bh3 Bf2 87. Bg2+ Ke3 88. Bf1 Bg3 89. Kc3 Be1+ 90. Kc2 Kf2 91. Bd3 Kg3 92. Kd1 Bf2 93. Ke2 f3+ 94. Kf1 Bb6 95. Be7 f2 96. Bb5 Kf3 97. Bc6+ Kf4 98. Bd6+ Kf5 99. Ke2 Kg4 100. Bd7+ Kg5 101. Bg3 Kf6 102. Bb5 Ke6 103. Bc4+ Kf5 104. Kf3 Kf6 105. Ke4 Ba7 106. Bh4+ Kg7 107. Kf5 Bb6 108. Bg5 Ba7 109. Bf4 Bd4 110. Ke4 Ba7 111. Be5+ Kg6 112. Bd3 Kf7 113. Kf5 Bb6 114. Bf6 Bc5 115. Bc4+ Ke8 116. Ke6 Kf8 117. Be5 Ke8 118. Bc7 Kf8 119. Kf6 Bd4+ 120. Kf5 Ke7 121. Ba5 Kd7 122. Ke4 Ba7 123. Bb5+ Kd6 124. Bb4+ Bc5 125. Bc3 Ba7 126. Be2 Bb6 127. Be5+ Ke6 128. Bc4+ Ke7 129. Kf5 Ba7 130. Bb5 Be3 131. Bb8 Bd4 132. Ke4 Bb6 133. Ke5 Bc5 134. Bc4 Kd7 135. Kd5 Be3 136. Bd6 Kd8 137. Bb5 Kc8 138. Ba6+ Kd8 139. Ke6 Bd4 140. Bf4 Bc5 141. Bg3 Be3 142. Kd6 Ke8 143. Bc4 Bd4 144. Bf4 Ba7 145. Bg5 Kf8 146. Bf6 Bb6 147. Ke6 Bc5 148. Bb5 Bb6 149. Be5 Ba7 {[%emt 0:00:48] normal} 1/2-1/2

[Event "-chT Youth Countries 2019"]
[Site "Wuerzburg"]
[Date "2019.10.03"]
[Round "3.7"]
[White "Rempe, Mieke"]
[Black "Bardorz, Jana"]
[Result "1-0"]
[ECO "C78"]
[WhiteElo "1530"]
[BlackElo "1929"]
[Annotator "NA"]
[PlyCount "91"]
[EventDate "2019.10.02"]
[EventType "team-tourn"]
[EventRounds "7"]
[EventCountry "GER"]
[SourceTitle "playchess.com"]
[Source "ChessBase"]
[SourceQuality "1"]
[WhiteTeam "Hamburg/Schleswig-Holstein"]
[BlackTeam "Bayern 1"]
[TimeControl "40/5400+30:1800+30"]

1. e4 e5 2. Nf3 Nc6 3. Bb5 a6 4. Ba4 Nf6 5. O-O b5 6. Bb3 Bc5 7. Nxe5 Nxe5 8. d4 Bxd4 9. Qxd4 d6 10. Bg5 c5 11. Bxf6 gxf6 12. Qc3 c4 13. f4 Ng6 14. e5 O-O 15. exf6 Kh8 16. Qf3 Rb8 17. Qc3 Rg8 18. Nd2 Nh4 19. g3 cxb3 20. Ne4 h6 21. Qxb3 Bb7 22. Rae1 d5 23. Nc5 Qb6 24. Qe3 Nf5 25. Qf2 Rbe8 26. Rxe8 Rxe8 27. g4 Nd6 28. b4 Rg8 29. Qh4 Kh7 30. Re1 Ne4 31. Kf1 Nxc5 32. Re7 Rg6 33. Rxf7+ Kg8 34. bxc5 Qe6 35. Rxb7 Rxf6 36. Rb8+ Kg7 37. Qg3 Qe4 38. Rb7+ Kh8 39. f5 Qc4+ 40. Ke1 Qb4+ 41. Kd1 Qb1+ 42. Kd2 Qb4+ 43. Qc3 Qf4+ 44. Qe3 Qxh2+ 45. Kd3 Rf8 46. Qd4+ {[%emt 0:00:00] normal} 1-0

[Event "-chT Youth Countries 2019"]
[Site "Wuerzburg"]
[Date "2019.10.03"]
[Round "3.8"]
[White "Wiesner, Paula"]
[Black "Roncea, Andrea-Alexandra"]
[Result "1-0"]
[ECO "C03"]
[WhiteElo "1958"]
[BlackElo "1590"]
[Annotator "NA"]
[PlyCount "65"]
[EventDate "2019.10.02"]
[EventType "team-tourn"]
[EventRounds "7"]
[EventCountry "GER"]
[SourceTitle "playchess.com"]
[Source "ChessBase"]
[SourceQuality "1"]
[WhiteTeam "Berlin"]
[BlackTeam "Niedersachsen"]
[TimeControl "40/5400+30:1800+30"]

1. d4 e6 2. e4 d5 3. Nd2 dxe4 4. Nxe4 Nf6 5. Bg5 Be7 6. Nxf6+ Bxf6 7. Bxf6 Qxf6 8. Nf3 Nd7 9. Bd3 O-O 10. O-O b6 11. Be4 Rb8 12. Bc6 Qe7 13. Qe2 Qd6 14. Qc4 Bb7 15. Bxb7 Rxb7 16. Rad1 c5 17. d5 exd5 18. Rxd5 Qc7 19. Re1 Nf6 20. Rde5 Qd8 21. Qe2 h6 22. h3 Nd5 23. c4 Nf4 24. Qe4 Nd3 25. Rd5 Rd7 26. Qxd3 Rxd5 27. Qxd5 Qxd5 28. cxd5 Rd8 29. Rd1 Kf8 30. d6 Ke8 31. Ne5 f6 32. d7+ Kf8 33. Nc6 {[%emt 0:00:05] normal} 1-0

[Event "-chT Youth Countries 2019"]
[Site "Wuerzburg"]
[Date "2019.10.03"]
[Round "3.8"]
[White "Braeutigam, Katerina"]
[Black "Pohle, Saskia"]
[Result "1-0"]
[ECO "C97"]
[WhiteElo "1630"]
[BlackElo "1716"]
[Annotator "NA"]
[PlyCount "63"]
[EventDate "2019.10.02"]
[EventType "team-tourn"]
[EventRounds "7"]
[EventCountry "GER"]
[SourceTitle "playchess.com"]
[Source "ChessBase"]
[SourceQuality "1"]
[WhiteTeam "Schleswig-Holstein"]
[BlackTeam "Sachsen"]
[TimeControl "40/5400+30:1800+30"]

1. e4 e5 2. Nf3 Nc6 3. Bb5 a6 4. Ba4 Nf6 5. O-O Be7 6. Re1 b5 7. Bb3 d6 8. c3 Na5 9. Bc2 c5 10. d4 Qc7 11. h3 O-O 12. Nbd2 Re8 13. Nf1 Bd7 14. Ng3 g6 15. Bg5 Nc4 16. b3 Nb6 17. Qd2 Kh8 18. Rad1 Ng8 19. Bxe7 Rxe7 20. dxe5 dxe5 21. Qd6 Rc8 22. Nf1 Re6 23. Qxc7 Rxc7 24. Ng5 Re7 25. Rd6 Bc6 26. Red1 Kg7 27. Ne3 Red7 28. Ng4 Re7 29. Kf1 Nc8 30. Rd8 f6 31. Nf3 Red7 32. Rxg8+ {[%emt 0:00:50] normal} 1-0

[Event "-chT Youth Countries 2019"]
[Site "Wuerzburg"]
[Date "2019.10.03"]
[Round "3.8"]
[White "Fischer, Darja"]
[Black "Reich, Elisabeth"]
[Result "1-0"]
[ECO "E90"]
[WhiteElo "1604"]
[BlackElo "1199"]
[Annotator "NA"]
[PlyCount "84"]
[EventDate "2019.10.02"]
[EventType "team-tourn"]
[EventRounds "7"]
[EventCountry "GER"]
[SourceTitle "playchess.com"]
[Source "ChessBase"]
[SourceQuality "1"]
[WhiteTeam "Baden 1"]
[BlackTeam "Bayern 2"]
[TimeControl "40/5400+30:1800+30"]

1. d4 Nf6 2. c4 d6 3. Nc3 g6 4. e4 Bg7 5. Nf3 O-O 6. Bg5 b6 7. Qd2 Re8 8. O-O-O Bb7 9. Bd3 Nc6 10. Bh6 Bh8 11. h4 Ng4 12. Be3 Nxe3 13. Qxe3 h5 14. Rdg1 Bg7 15. g4 hxg4 16. Rxg4 Qd7 17. Rg3 e5 18. d5 Nd4 19. h5 a5 20. hxg6 fxg6 21. Rxg6 Qf7 22. Rg3 a4 23. Rhg1 Re7 24. Rxg7+ Qxg7 25. Rxg7+ Rxg7 26. Nxd4 exd4 27. Qxd4 a3 28. b3 Rg1+ 29. Kc2 Rg2 30. Nd1 Rf8 31. e5 dxe5 32. Qxe5 Rf7 33. Qe6 Kg7 34. Be4 Rg1 35. Qe5+ Kg8 36. f4 Re1 37. Bh7+ Rxh7 38. Qxe1 Rh2+ 39. Kb1 Rh7 40. Qe6+ Rf7 41. Ne3 Kf8 42. Nf5 Rh7 {normal} 1-0

[Event "-chT Youth Countries 2019"]
[Site "Wuerzburg"]
[Date "2019.10.03"]
[Round "3.8"]
[White "Prinzen, Siri Marleen"]
[Black "Ruhmke, Rebecca"]
[Result "1-0"]
[ECO "B01"]
[WhiteElo "1520"]
[BlackElo "1404"]
[Annotator "NA"]
[PlyCount "107"]
[EventDate "2019.10.02"]
[EventType "team-tourn"]
[EventRounds "7"]
[EventCountry "GER"]
[SourceTitle "playchess.com"]
[Source "ChessBase"]
[SourceQuality "1"]
[WhiteTeam "Bayern 1"]
[BlackTeam "Hamburg/Schleswig-Holstein"]
[TimeControl "40/5400+30:1800+30"]

1. e4 d5 2. exd5 Nf6 3. d4 Nxd5 4. Nf3 Bg4 5. c4 Nb6 6. Be2 e6 7. O-O Be7 8. Be3 Nc6 9. b3 Qd7 10. h3 Bh5 11. Qd2 O-O 12. Ne5 Nxe5 13. Bxh5 Nc6 14. Bf3 Bf6 15. Bxc6 Qxc6 16. Nc3 Rad8 17. Ne2 Nc8 18. Rad1 Ne7 19. Qd3 Rd6 20. Rd2 Qd7 21. Qe4 Rb8 22. Rfd1 Ra6 23. Nf4 c6 24. Nh5 Ng6 25. Nxf6+ gxf6 26. Qf3 Kf8 27. Qxf6 Qe7 28. Bh6+ Ke8 29. Qf3 Qh4 30. Qe3 Ra5 31. d5 Qe7 32. Bg5 f6 33. d6 Qf7 34. d7+ Kd8 35. Qg3 Ne5 36. Bxf6+ Qxf6 37. Qg8+ Kc7 38. Qxb8+ Kxb8 39. d8=Q+ Qxd8 40. Rxd8+ Kc7 41. f4 Ng6 42. R1d7+ Kb6 43. Rb8 Rxa2 44. Rbxb7+ Kc5 45. Rxa7 Rb2 46. Rf7 Rxb3 47. f5 exf5 48. Rxf5+ Kxc4 49. Rxh7 Kd4 50. Rf6 Ne5 51. Rh4+ Kd5 52. Rh5 Kd4 53. Rd6+ Ke4 54. Re6 {[%emt 0:00:17] normal} 1-0

[Event "-chT Youth Countries 2019"]
[Site "Wuerzburg"]
[Date "2019.10.03"]
[Round "3.8"]
[White "Voigt, Anastasia"]
[Black "Sereda, Yaroslava"]
[Result "0-1"]
[ECO "B35"]
[WhiteElo "1457"]
[BlackElo "1687"]
[Annotator "NA"]
[PlyCount "113"]
[EventDate "2019.10.02"]
[EventType "team-tourn"]
[EventRounds "7"]
[EventCountry "GER"]
[SourceTitle "playchess.com"]
[Source "ChessBase"]
[SourceQuality "1"]
[WhiteTeam "Sachsen-Anhalt"]
[BlackTeam "Nordrhein-Westfalen"]
[TimeControl "40/5400+30:1800+30"]

1. e4 c5 2. Nf3 Nc6 3. d4 cxd4 4. Nxd4 g6 5. Nc3 Bg7 6. Be3 Nf6 7. Bc4 O-O 8. Bb3 d6 9. f3 Nxd4 10. Bxd4 Be6 11. Qd2 a6 12. O-O-O Bxb3 13. axb3 Nd7 14. Bxg7 Kxg7 15. h4 h5 16. g4 Rh8 17. Rdg1 Ne5 18. Qf4 Rc8 19. gxh5 Rxh5 20. Rg5 Qh8 21. Rgg1 Qh6 22. Qxh6+ Rxh6 23. Rh3 Rch8 24. f4 Nd7 25. Rgh1 Nf6 26. Kd2 Rh5 27. Ke3 b5 28. b4 e6 29. Kf3 d5 30. e5 Nd7 31. Ne2 f6 32. exf6+ Kxf6 33. Ng3 R5h6 34. Kg4 Kf7 35. Ra1 Nf6+ 36. Kf3 Ra8 37. c3 Rhh8 38. Rhh1 Ra7 39. Ra5 Nd7 40. Ne2 e5 41. Kg3 Nb8 42. Ra2 e4 43. b3 Rc7 44. Rd1 Ke6 45. Kg4 Rd8 46. Kg5 Kf7 47. Rad2 Rcd7 48. f5 gxf5 49. Kxf5 Rd6 50. h5 Rf6+ 51. Kg4 Rg8+ 52. Kh3 Rf3+ 53. Kh4 Rf2 54. Rh1 e3 55. Ra2 Rgg2 56. Re1 {[%emt 0:01:57] normal} Nd7 57. h6 {[%emt 0:03:27] normal} 0-1

[Event "-chT Youth Countries 2019"]
[Site "Wuerzburg"]
[Date "2019.10.03"]
[Round "3.8"]
[White "Ulrich, Helena Irene"]
[Black "von Beckh, Frieda"]
[Result "1-0"]
[ECO "B38"]
[WhiteElo "1355"]
[BlackElo "1541"]
[Annotator "NA"]
[PlyCount "81"]
[EventDate "2019.10.02"]
[EventType "team-tourn"]
[EventRounds "7"]
[EventCountry "GER"]
[SourceTitle "playchess.com"]
[Source "ChessBase"]
[SourceQuality "1"]
[WhiteTeam "Thüringen"]
[BlackTeam "Hessen"]
[TimeControl "40/5400+30:1800+30"]

1. e4 c5 2. Nf3 Nc6 3. d4 cxd4 4. Nxd4 g6 5. c4 Bg7 6. Be3 Nf6 7. Nc3 O-O 8. Be2 d6 9. O-O Bd7 10. Qd2 Ng4 11. Bxg4 Bxg4 12. f3 Bd7 13. Nd5 e6 14. Nc3 Ne5 15. b3 Nc6 16. Rac1 a6 17. Rfd1 Rc8 18. Nxc6 Rxc6 19. Bd4 e5 20. Be3 Qh4 21. Bg5 Qh5 22. Ne2 Bh6 23. Bxh6 Qh4 24. Bg5 Qh5 25. Ng3 Qxg5 26. Qxg5 f6 27. Qe3 f5 28. exf5 Bxf5 29. Nxf5 Rxf5 30. Rd5 Rf8 31. Rcd1 Rf6 32. Qa7 Rf7 33. Rxd6 Rcc7 34. Qe3 Rfe7 35. Qe4 Kg7 36. R1d5 Rc8 37. Rd7 Rce8 38. Qxe5+ Kg8 39. Rxe7 Rxe7 40. Qxe7 Kh8 41. Rd8# {[%emt 0:30:05] normal} 1-0